 Dungeon Crawl Stone Soup version 0.29.1-1-gd02db6906a (webtiles) character file.

Game seed: 8503943923427149462

373 masschaos23 the Chopper (level 6, -1/56 HPs)
             Began as a Hill Orc Fighter on Sept 18, 2022.
             Was an Initiate of Beogh.
             Killed from afar by an orc wizard (8 damage)
             ... with a puff of flame
             ... on level 4 of the Dungeon.
             The game lasted 00:04:13 (2778 turns).

masschaos23 the Chopper (Hill Orc Fighter)          Turns: 2778, Time: 00:04:13

Health: -1/56      AC:  7    Str: 21    XL:     6   Next: 71%
Magic:  6/6        EV:  9    Int:  8    God:    Beogh [......]
Gold:   154        SH:  0    Dex: 10    Spells: 5/5 levels left

rFire   . . .      SeeInvis .   a - +0 war axe
rCold   . . .      Faith    .   c - +0 buckler
rNeg    . . .      Spirit   .   b - +0 scale mail
rPois   .          Reflect  .   (no helmet)
rElec   .          Harm     .   (no cloak)
rCorr   .          Rampage  .   (no gloves)
Will    .....                   (no boots)
Stlth   ..........              (no amulet)
HPRegen 0.18/turn               (no ring)
MPRegen 0.10/turn               (no ring)

@: confused
A: no striking features
a: Renounce Religion


You were on level 4 of the Dungeon.
You worshipped Beogh.
Beogh was noncommittal.
You visited 1 branch of the dungeon, and saw 4 of its levels.

You collected 154 gold pieces.

Inventory:

Hand Weapons
 a - a +0 war axe (weapon)
 i - a +3 whip
Missiles
 p - 11 poisoned darts (quivered)
Armour
 b - a +0 scale mail (worn)
 c - a +0 buckler (worn)
Jewellery
 w - an amulet of magic regeneration
Scrolls
 e - 2 scrolls of fear {unknown}
 g - 2 scrolls of blinking {unknown}
 k - a scroll of immolation {unknown}
 m - 3 scrolls of enchant armour {unknown}
 o - 2 scrolls of teleportation {unknown}
 q - a scroll of butterflies {unknown}
 r - 2 scrolls of identify {unknown}
 s - a scroll of vulnerability {unknown}
 u - a scroll of summoning {unknown}
 v - a scroll of torment {unknown}
Potions
 d - 2 potions of might
 f - a potion of invisibility {unknown}
 h - a potion of brilliance {unknown}
 j - a potion of ambrosia {unknown}
 l - a potion of degeneration {unknown}
 n - a potion of mutation {unknown}
 t - 2 potions of lignification {unknown}


   Skills:
 + Level 5.0 Fighting
 + Level 6.3 Axes
 + Level 4.4 Armour
 + Level 1.0 Dodging
 + Level 0.1 Stealth
 + Level 4.1 Shields


You had 5 spell levels left.
You didn't know any spells.
Your spell library contained the following spells:

 Spells                   Type           Power      Damage    Failure   Level
 Slow                     Hex            0%         N/A       83%         1
 Confusing Touch          Hex            0%         N/A       99%         3
 Vampiric Draining        Necr           0%         2d6       99%         3


Dungeon Overview and Level Annotations

Branches:
Dungeon (4/15)
 Temple: D:4-7

Altars:
Elyvilon
Nemelex Xobeh


Message History

You barely miss something.
The orc wizard hits you with a +0 dagger.
Something hits you but does no damage.
You slash the orc wizard!
The orc wizard is almost dead.
You hit something. Something hits you but does no damage.
The orc wizard casts a spell.
The orc wizard flickers and vanishes!
You barely miss something. You closely miss something.
You hear some strange, mumbled words.
A puff of flame appears from out of thin air!
You block the puff of flame. Something hits you.
You barely miss something. You hit something.
Something hits you but does no damage.
You hear some strange, mumbled words.
A puff of flame appears from out of thin air!
The puff of flame hits you. Something hits you but does no damage.
You hear some strange, mumbled words.
A magic dart appears from out of thin air!
The magic dart hits you!
* * * LOW HITPOINT WARNING * * *
You miss something. You barely miss something.
Something hits you but does no damage. x2
You closely miss something. x2
You hear some strange, mumbled words.
You are confused.
Something hits you.
* * * LOW HITPOINT WARNING * * *
You barely miss something. You completely miss something. Something hits you.
* * * LOW HITPOINT WARNING * * *
Something hits you but does no damage.
You hear some strange, mumbled words.
You are more confused.
You hear some strange, mumbled words.
You are more confused.
You hear some strange, mumbled words.
A puff of flame appears from out of thin air!
The puff of flame hits you!
You die...
Beogh appreciates something's killing of a heretic priest.

##.#.(..###
##.........## #.
...........##..
..............
##...........
##..........##
..##.....{......#
..o....##{)...#
.........@.>###
............###
.....###.##...#
#...#..##......
###.....###.###...
.........#..## ..
.............## # #
..............#####.###
..............#........


You could see a neutral orc priest (wandering).

Vanquished Creatures
  A scorpion (D:4)
  A howler monkey (D:4)
  A hound (D:4)
  An orc priest (D:4)
  Terence (D:2)
  An orc wizard (D:4)
  Robin (D:2)
  An adder (D:3)
  3 gnolls (D:4)
  2 worms
  2 dart slugs
  12 orcs
  9 ball pythons
  3 endoplasms
  4 giant cockroaches
  14 goblins
  4 hobgoblins
  7 jackals
  6 quokkas
  5 bats
  2 frilled lizards (D:1)
  5 kobolds
  20 rats
106 creatures vanquished.

Notes
Turn   | Place    | Note
-------+----------+-------------------------------------------
     0 | D:1      | masschaos23 the Hill Orc Fighter began the quest for the
                  | Orb.
     0 | D:1      | Reached XP level 1. HP: 19/19 MP: 1/1
   186 | D:1      | Reached skill level 3 in Axes
   186 | D:1      | Reached XP level 2. HP: 20/27 MP: 2/2
   679 | D:2      | Reached XP level 3. HP: 31/33 MP: 3/3
   722 | D:2      | Noticed Terence
   728 | D:2      | Killed Terence
   839 | D:2      | Reached XP level 4. HP: 40/40 MP: 4/4
   943 | D:2      | Reached skill level 4 in Axes
  1128 | D:2      | Noticed Robin
  1140 | D:2      | Killed Robin
  1143 | D:2      | You fall into a shaft and drop 1 floor!
  1387 | D:3      | Found a faded altar of an unknown god.
  1418 | D:3      | Reached XP level 5. HP: 47/47 MP: 5/5
  2045 | D:4      | Found a sparkling altar of Nemelex Xobeh.
  2045 | D:4      | Found a white marble altar of Elyvilon.
  2053 | D:4      | Reached skill level 5 in Axes
  2085 | D:4      | Became a worshipper of Beogh the Brigand
  2148 | D:4      | Reached XP level 6. HP: 17/55 MP: 6/6
  2496 | D:4      | Reached skill level 6 in Axes
  2514 | D:4      | Reached skill level 5 in Fighting
  2514 | D:4      | Reached skill level 1 in Dodging
  2778 | D:4      | Killed from afar by an orc wizard

Illustrated notes

Levels and vault maps discovered:
D:1:      minmay_arrival_cross, layout_rooms
D:2:      layout_loops_ring, grunt_decor_junction, hex_tiny,
          grunt_ministairs_13, minmay_misc_feat_columns, minmay_rat_hole,
          uniq_terence, uniq_robin
D:3:      layout_loops_ring, ebering_ecumenical_altar_mist, grunt_ministairs_4
D:4:      wander_river, layout_cave_pools, makhleb_blood_cavern_becter,
          chequers_temple_overflow_statue_of_worship

Skill      XL: |  1  2  3  4  5  6 |
---------------+-------------------+-----
Axes           | 3 4 5 6 |  6.3
Fighting       | 4 5 |  5.0
Armour         | 4 |  4.4
Shields        | 4 |  4.1
Dodging        | 1 |  1.0
Stealth        | |  0.1

Action                   |  1- 3 |  4- 6 || total
-------------------------+-------+-------++-------
Melee: War axe           |    62 |   192 ||   254
Invok: Convert to Beogh  |       |     1 ||     1
Armor: Scale mail        |    20 |   114 ||   134
Dodge: Dodged            |    23 |   111 ||   134
Block: Buckler           |    14 |    47 ||    61
